AoeStats
← heinz452

Black Forest

507377577Analyzed
2v2 RM · 2mo ago on Sep 17, 2026· 34m 32s· 4 players
Game mode
Random Map
Map size
Medium (4 player)
Population
200
Speed
Normal
Resources
Standard
Victory
Conquest
Starting age
Dark Age
Ending age
Imperial Age
RankedLock teamsTeams togetherTeam positionsShared explorationLock speedFull tech treeHidden civsTurbo modeCheats
Victory
Defeat
🇦🇷 Japanese · Argentina
823
+15
🇨🇴 Slavs · Colombia
807
+15
vs
🇺🇸 Teutons · United States
797
-35
🇺🇸 Byzantines · United States
789
-35
heinz452
11:04 Feudal Age
12:17 Loom
16:00 Wheelbarrow
15:14 Double-Bit Axe
18:25 Town Watch
21:34 Castle Age
20:45 Horse Collar
25:31 Bow Saw
26:33 Hand Cart
27:42 Heavy Plow
31:55 Scale Barding Armor
31:50 Scale Mail Armor
32:01 Forging
jfin45
14:36 Feudal Age
17:16 Man-at-Arms
19:16 Double-Bit Axe
23:24 Fishing Lines
Don Wilson さん
10:48 Feudal Age
12:09 Man-at-Arms
12:39 Arson
12:49 Double-Bit Axe
16:59 Horse Collar
22:59 Castle Age
21:40 Forging
21:46 Gold Mining
22:10 Scale Mail Armor
23:04 Long Swordsman
23:47 Squires
23:33 Gambesons
24:02 Bow Saw
31:35 Gold Shaft Mining
31:04 Heavy Plow
31:42 Iron Casting
31:12 Scale Barding Armor
31:32 Chain Mail Armor
32:45 Stone Mining
anfelele
10:35 Feudal Age
12:42 Double-Bit Axe
12:47 Horse Collar
17:08 Man-at-Arms
18:07 Forging
18:03 Scale Mail Armor
24:07 Castle Age
24:12 Bloodlines
24:08 Gold Mining
24:46 Long Swordsman
26:59 Stone Mining
27:44 Gold Shaft Mining
28:25 Iron Casting
27:55 Scale Barding Armor
28:08 Chain Mail Armor
33:00 Husbandry
35:48 Imperial Age
Connection lost

Rejoining the realm…

Still unreachable

The connection could not be restored.

Session expired

The server has moved on; the page needs a fresh start.